 Dungeon Crawl Stone Soup version 0.25-a0-578-gc91f01c39c (webtiles) character file.

Game seed: 1656515786182539170, levelgen mode: deterministic

37 Flugslaktarn the Covered (level 3, 0/34 HPs)
             Began as a Deep Dwarf Fighter on Mar 5, 2020.
             Killed by divine providence
             ... invoked by an orc priest
              (11 damage)
             ... on level 3 of the Dungeon.
             The game lasted 00:00:21 (359 turns).

Flugslaktarn the Covered (Deep Dwarf Fighter)        Turns: 359, Time: 00:00:21

Health: 0/34       AC:  6    Str: 20    XL:     3   Next: 21%
Magic:  3/3        EV:  7    Int:  8    God:
Gold:   23         SH:  9    Dex: 12    Spells: 2/2 levels left

rFire    . . .     SeeInvis .   a - +0 war axe
rCold    . . .     Gourm    .   c - +0 kite shield
rNeg     . . .     Faith    .   b - +0 scale mail
rPois    .         Spirit   .   (no helmet)
rElec    .         Reflect  .   (no cloak)
rCorr    .         Harm     .   (no gloves)
MR       .....                  (no boots)
Stlth    ..........             (no amulet)
HPRegen  0.00/turn              (no ring)
MPRegen  0.08/turn              (no ring)

@: non-regenerating
A: damage resistance, heal wounds, sense surroundings 1, no regeneration
a: Heal Wounds


You were on level 3 of the Dungeon.
You were not hungry.

You visited 1 branch of the dungeon, and saw 3 of its levels.

You collected 23 gold pieces.

Inventory:

Hand Weapons
 a - a +0 war axe (weapon)
Armour
 b - a +0 scale mail (worn)
 c - a +0 kite shield (worn)
Scrolls
 g - a scroll of identify {unknown}
Potions
 d - a potion of might
Comestibles
 e - 2 rations
 f - 3 chunks of flesh


   Skills:
 + Level 3.0 Fighting
 * Level 3.1 Axes
 + Level 3.6 Armour
 + Level 3.6 Shields


You had 2 spell levels left.
You didn't know any spells.
Your spell library was empty.

Dungeon Overview and Level Annotations

Branches:
Dungeon (3/15)

Altars:


Innate Abilities, Weirdness & Mutations

You are resistant to damage.
You can heal yourself by infusing magical energy.
You passively map a small area around you.
You do not regenerate.


Message History

Pain shoots through your body! The orc wizard barely misses you.
The orc priest looks encouraged for a moment.
You block the orc wizard's attack.
You fail to use your ability.
You block the orc wizard's attack.
The orc priest hits you but does no damage.
Your shield and scale mail prevent you from hitting the orc priest.
The orc priest is heavily wounded.
You hit the orc wizard but do no damage.
The orc wizard barely misses you.
The orc wizard hits you but does no damage.
You block the orc priest's attack.
You closely miss the orc priest.
The orc priest is heavily wounded.
You hit the orc wizard.
The orc wizard hits you but does no damage.
The orc wizard mumbles some strange words.
The orc wizard blinks!
The orc priest invokes the aid of Beogh against you.
Beogh smites you!
You die...

* ** , , * , * **
##### ##### * # ,
..#.. #<..# #.* #.#.#
###.# .. #.#.#
#.#######
#.#.##o#.#####........
#>.o§@))o†..........##
*
###o##)#.##########...
oo #.#... .# , ...
'..##### * ... ,,####
* * , .. , * * . , , ,
,


You could see an orc priest, an orc wizard and 4 orcs.

Vanquished Creatures
  An adder (D:2)
  An ooze (D:2)
  4 orcs (D:3)
  2 bats
  2 goblins (D:1)
  A hobgoblin (D:2)
  3 jackals (D:1)
  2 frilled lizards
  4 rats
20 creatures vanquished.

Notes
Turn   | Place    | Note
-------+----------+-------------------------------------------
     0 | D:1      | Flugslaktarn the Deep Dwarf Fighter began the quest for the
                  | Orb.
     0 | D:1      | Reached XP level 1. HP: 20/20 MP: 1/1
    87 | D:1      | Reached XP level 2. HP: 21/27 MP: 2/2
   327 | D:3      | Reached XP level 3. HP: 31/33 MP: 3/3
   359 | D:3      | Killed from afar by an orc priest

Levels and vault maps discovered:
D:1:      elethiomel_arrival_infinity_welcomes_careful_drivers, layout_rooms
D:2:      layout_loops_cross, roderic_filled_cross, roderic_lattice_a,
          hex_medium
D:3:      layout_basic, first_ration

Skill      XL: |  1  2  3 |
---------------+----------+-----
Axes           | 3 |  3.1
Fighting       | 3 |  3.0
Armour         | |  3.6
Shields        | |  3.6

Action                   || total
-------------------------++-------
Melee: War axe           ||   109
 Abil: Heal Wounds       ||     3
Armor: Scale mail        ||    76
Dodge: Dodged            ||    29
Block: Kite shield       ||    67

Table legend:
 A = Non-vault XP
 B = Vault XP
 C = Vault XP percentage of total XP
 D = Non-vault monster count
 E = Vault monster count
 F = Vault count percentage of total count
                 A         B        C        D         E       F
            +---------+---------+-------+---------+---------+-------
      Total |      53 |       0 |   0.0 |      20 |       0 |   0.0
            +---------+---------+-------+---------+---------+-------
        D:1 |      14 |       0 |   0.0 |       8 |       0 |   0.0
        D:2 |      25 |       0 |   0.0 |       6 |       0 |   0.0
        D:3 |      14 |       0 |   0.0 |       6 |       0 |   0.0
            +---------+---------+-------+---------+---------+-------
